 Dungeon Crawl Stone Soup version 0.27-a0-909-g0721f309d1 (webtiles) character file.

Game seed: 16076461286691254065

374 kae the Ruffian (level 6, -1/47 HPs)
             Began as a Demonspawn Gladiator on Apr 8, 2021.
             Killed by Freeze
             ... generated by an endoplasm
              (4 damage)
             ... on level 4 of the Dungeon.
             The game lasted 00:03:02 (4329 turns).

kae the Ruffian (Demonspawn Gladiator)              Turns: 4329, Time: 00:03:03

Health: -1/47      AC:  4    Str: 17    XL:     6   Next: 43%
Magic:  6/6        EV: 13    Int:  9    God:
Gold:   130        SH:  0    Dex: 14    Spells: 5/5 levels left

rFire    . . .     SeeInvis .     - Unarmed
rCold    . . .     Faith    .   (no shield)
rNeg     . . .     Spirit   .   a - +0 leather armour
rPois    .         Reflect  .   b - +0 helmet
rElec    .         Harm     .   (no cloak)
rCorr    .         Rampage  .   (no gloves)
Will     .....                  (no boots)
Stlth    +.........             (no amulet)
HPRegen  0.15/turn              (no ring)
MPRegen  0.10/turn              (no ring)

@: no status effects
A: claws 1, foul stench 2
a: no special abilities


You were on level 4 of the Dungeon.
You visited 1 branch of the dungeon, and saw 4 of its levels.

You collected 130 gold pieces.

Inventory:

Missiles
 c - 3 throwing nets (quivered)
 o - a curare-tipped dart
Armour
 a - a +0 leather armour (worn)
 b - a +0 helmet (worn)
Jewellery
 k - a ring of see invisible
Scrolls
 g - a scroll of magic mapping
 i - 3 scrolls of amnesia
 q - a scroll of blinking
Potions
 d - a potion of degeneration
 e - 2 potions of curing


   Skills:
 + Level 3.3 Fighting
 * Level 3.8 Throwing
 + Level 3.6 Dodging
 * Level 4.4 Unarmed Combat


You had 5 spell levels left.
You didn't know any spells.
Your spell library contained the following spells:

 Spells                   Type           Power      Damage    Failure   Level
 Magic Dart               Conj           0%         1d3       45%         1
 Blink                    Tloc           N/A        N/A       58%         2
 Call Imp                 Summ           0%         N/A       58%         2
 Searing Ray              Conj           0%         3d3       58%         2
 Slow                     Hex            0%         N/A       58%         2
 Conjure Flame            Conj/Fire      0%         6-21      83%         3
 Dazzling Flash           Conj/Hex       0%         N/A       83%         3
 Mephitic Cloud           Conj/Pois/Air  0%         N/A       83%         3
 Fulminant Prism          Conj/Hex       0%         3d6       99%         4
 Iskenderun's Mystic Bla  Conj/Tloc      0%         2d3       99%         4


Dungeon Overview and Level Annotations

Branches:
Dungeon (4/15)
 Temple: D:4-7

Altars:
Gozag

Shops:
D:2 :   D:3 [


Innate Abilities, Weirdness & Mutations

You have sharp fingernails.
You sometimes emit foul miasma when damaged in melee.


Message History

You scratch the giant cockroach.
You kill the giant cockroach!
You barely miss the orc wizard.
The orc wizard hits you with a +0 dagger.
You emit a cloud of foul miasma!
The orc wizard points at itself and mumbles some strange words.
The orc wizard flickers and vanishes!
Deactivating autopickup; reactivate with Ctrl-A.
You closely miss the orc wizard.
The orc wizard is engulfed in dark miasma.
The orc wizard is poisoned.
The orc wizard barely misses you.
You barely miss the orc wizard.
The orc wizard is moderately wounded.
The orc wizard is engulfed in dark miasma.
The orc wizard looks even sicker.
The orc wizard seems to slow down.
You kill the orc wizard!
Something hits you but does no damage.
You barely miss something. You scratch something.
The howler monkey completely misses you.
The howler monkey closely misses you.
You miss something.
You hear some strange, mumbled words.
A puff of flame appears from out of thin air!
The puff of flame misses you.
The orc warrior hits you with a +0 dire flail!
* * * LOW HITPOINT WARNING * * *
The howler monkey hits you.
* * * LOW HITPOINT WARNING * * *
Blink to where?
Press: ? - help, Dir - move target
As you read the scroll of blinking, it crumbles to dust.
An endoplasm comes into view.
The howler monkey hoots and howls with incredible vigour!
You hear a bark!
You hear a shout!
You hear a bark!
You hear a shout!
A giant cockroach comes into view.
The giant cockroach moves out of view.
The endoplasm freezes you.
You are frozen.
You die...

*,****,***##.##*,$....##J# *## *
*,,,,,,* ##h#)###.#.####r###.###
********##.###.......###.s..#,..
#o## ##...#....SooB###..
##h###..#.##..###)#.#.#.
##§#...#.....,*#.##....
#..#........,*#.#####.
#..##.#.##...*#...).†.
#..##@J.....#*########
#..o....#....,* #
#.#######....,* #### ###.####
*,..,,* #... #......# *,,,,,*
#.## #.#.##.# *,,,,,* #.#
#.#.##.# ******* #(# #,#..#.#
#.# #.##.#.###### #.#


You could see an orc warrior and an endoplasm.

Vanquished Creatures
  A necrophage (D:3)
  A kobold brigand (D:3)
  A scorpion (D:4)
  An orc wizard (D:4)
  4 adders
  2 worms
  2 dart slugs
  4 orcs (D:4)
  4 endoplasms
  10 giant cockroaches
  9 goblins
  11 hobgoblins
  9 jackals
  5 kobolds
  3 quokkas
  7 ball pythons
  5 bats
  3 frilled lizards
  3 rats
85 creatures vanquished.

Notes
Turn   | Place    | Note
-------+----------+-------------------------------------------
     0 | D:1      | kae the Demonspawn Gladiator began the quest for the Orb.
     0 | D:1      | Reached XP level 1. HP: 16/16 MP: 1/1
   250 | D:1      | Gained mutation: You may rarely emit foul miasma when
                  | damaged in melee. [demonic ancestry]
   250 | D:1      | Reached XP level 2. HP: 22/22 MP: 2/2
   423 | D:1      | Reached skill level 3 in Unarmed Combat
   863 | D:1      | Gained mutation: You sometimes emit foul miasma when
                  | damaged in melee. [demonic ancestry]
   863 | D:1      | Reached XP level 3. HP: 25/28 MP: 3/3
   965 | D:1      | You fall into a shaft and drop 1 floor!
  1938 | D:2      | Reached XP level 4. HP: 25/34 MP: 4/4
  2110 | D:2      | Found Beaf's Book Shop.
  2808 | D:3      | Found Xaunk's Armour Boutique.
  2810 | D:3      | Noticed a kobold brigand
  2824 | D:3      | Killed a kobold brigand
  2825 | D:3      | Gained mutation: You have sharp fingernails. [demonic
                  | ancestry]
  2825 | D:3      | Reached XP level 5. HP: 18/40 MP: 5/5
  3042 | D:3      | Found an opulent altar of Gozag.
  3309 | D:3      | Noticed a necrophage
  3325 | D:3      | Killed a necrophage
  3326 | D:3      | Reached skill level 4 in Unarmed Combat
  4191 | D:4      | Noticed a black bear
  4206 | D:4      | Reached XP level 6. HP: 29/47 MP: 6/6
  4312 | D:4      | Noticed an orc warrior
  4329 | D:4      | Killed from afar by an endoplasm

Illustrated notes

Levels and vault maps discovered:
D:1:      dpeg_arrival_three_smaller_balls, layout_rooms, minmay_misc_feat_rows
D:2:      layout_basic, serial_shops, shop, serial_curves, eino_curves_03,
          eino_curves_04, minmay_box_of_dots
D:3:      layout_basic, nicolae_gozag_seed_capital, serial_corexii_hall,
          corexii_hall_statues_u, corexii_hall_statues_l, serial_shops,
          nicolae_shop_temple_entry_statues_fountains
D:4:      layout_loops_cross, portal_sewer_entry_f

Skill      XL: |  1  2  3  4  5 |
---------------+----------------+-----
Throwing       | 2 3 |  3.8
Unarmed Combat | 3 4 |  4.4
Dodging        | 3 |  3.6
Fighting       | 3 |  3.3

Action                   |  1- 3 |  4- 6 || total
-------------------------+-------+-------++-------
Melee: Unarmed           |   147 |   145 ||   292
       Punch             |     5 |     5 ||    10
  Use: Scroll            |     1 |     7 ||     8
       Potion            |       |     7 ||     7
 Stab: Sleeping          |     1 |       ||     1
       Invisible         |       |     3 ||     3
Armor: Leather armour    |    35 |    34 ||    69
Dodge: Dodged            |    98 |    78 ||   176

Table legend: (Time is in decaauts)
 A = Elapsed time spent in this place.
 B = Non-inter-level travel time spent in this place.
 C = Inter-level travel time spent in this place.
 D = Time resting spent in this place.
 E = Time spent auto-exploring this place.
 F = Levels seen in this place.
 G = Mean time per level.
                   A        B        C        D        E       F      G
               +--------+--------+--------+--------+--------+-----+--------+
         Total |   4318 |   4190 |    128 |    401 |   3205 |   4 | 1079.5 |
       Dungeon |   4318 |   4190 |    128 |    401 |   3205 |   4 | 1079.5 |
               +--------+--------+--------+--------+--------+-----+--------+

Top non-repeatable levels by time:
     D:3: 1775 daAuts
     D:2: 1300 daAuts
     D:1: 1093 daAuts
     D:4: 149 daAuts
